 Dungeon Crawl Stone Soup version 0.31.0-32-g396128a36d (webtiles) character file.

Game seed: 13484569086027523972

2993 hawla the Arsonist (level 9, -5/49 HPs)
             Began as a Deep Elf Fire Elementalist on Apr 18, 2024.
             Was a Follower of Vehumet.
             Slain by an orc
             ... wielding a +0 trident
              (7 damage)
             ... on level 9 of the Dungeon.
             The game lasted 00:21:32 (8851 turns).

hawla the Arsonist (Deep Elf Fire Elementalist)     Turns: 8851, Time: 00:21:32

Health: -5/49      AC:  5    Str:  5    XL:     9   Next: 54%
Magic:  16/17      EV: 12    Int: 25    God:    Vehumet [*.....]
Gold:   151        SH:  0    Dex: 15    Spells: 3/16 levels left

rFire   . . .        d - +4 demon whip (drain)
rCold   . . .        (no shield)
rNeg    . . .        a - +0 robe
rPois   .            (no helmet)
rElec   .            (no cloak)
rCorr   .            (no gloves)
SInv    .            n - +2 pair of boots
Will    .....        b - amulet of regeneration
Stlth   ++           (no ring)
HPRegen 1.88/turn    (no ring)
MPRegen 0.15/turn

%: no passive effects
@: no status effects
A: regeneration 1, robust 1, screaming 1
a: Renounce Religion


You were on level 9 of the Dungeon.
You worshipped Vehumet.
Vehumet was aware of your devotion.
You visited 2 branches of the dungeon, and saw 10 of its levels.

You collected 513 gold pieces.
You spent 362 gold pieces at shops.

Inventory:

Hand Weapons
 d - a +4 demon whip of draining (weapon)
Armour
 a - a +0 robe (worn)
 n - a +2 pair of boots (worn)
 v - a +0 cloak
Jewellery
 b - an amulet of regeneration (around neck)
 e - an amulet of magic regeneration
Wands
 r - a wand of digging (7)
 w - a wand of paralysis (11)
Scrolls
 f - 3 scrolls of enchant armour
 h - a scroll of torment
 i - 2 scrolls of revelation
 l - 2 scrolls of poison
 m - a scroll of amnesia
 s - a scroll of blinking
 t - 2 scrolls of vulnerability
 x - a scroll of fear
 y - a scroll of fog
Potions
 c - a potion of berserk rage
 g - 4 potions of curing
 j - a potion of invisibility
 k - a potion of resistance
 p - 2 potions of might
 q - a potion of lignification
 u - 2 potions of brilliance
 z - a potion of heal wounds


   Skills:
 - Level 1.0 Maces & Flails
 - Level 2.4 Dodging
 - Level 2.4 Stealth
 + Level 4.2 Spellcasting
 - Level 8.9 Conjurations
 - Level 2.9 Translocations
 * Level 11.1 Fire Magic


You had 3 spell levels left.
You knew the following spells:

 Your Spells              Type           Power      Damage    Failure   Level
a - Foxfire               Conj/Fire      100%       2x1d9     1%          1
b - Scorch                Fire           100%       2d9       1%          2
c - Flame Wave            Conj/Fire      54%        2d13      1%          4
d - Iskenderun's Mystic   Conj/Tloc      35%        2d8       8%          4
e - Blink                 Tloc           38%        N/A       4%          2

Your spell library contained the following spells:

 Spells                   Type           Power      Damage    Failure   Level
 Momentum Strike          Conj/Tloc      70%        3d9       1%          2
 Volatile Blastmotes      Fire/Tloc      80%        2d16      1%          3
 Inner Flame              Hex/Fire       33%        N/A       2%          3
 Lesser Beckoning         Tloc           38%        N/A       4%          2
 Stone Arrow              Conj/Erth      54%        3d10      4%          3
 Sandblast                Erth           10%        2d5       9%          1
 Slow                     Hex            20%        N/A       9%          1
 Summon Small Mammal      Summ           20%        N/A       9%          1
 Call Canine Familiar     Summ           5%         N/A       26%         3
 Confusing Touch          Hex            5%         N/A       26%         3
 Frozen Ramparts          Ice            10%        1d2       26%         3
 Passwall                 Erth           5%         N/A       26%         3
 Sigil of Binding         Hex            5%         N/A       26%         3
 Tukima's Dance           Hex            5%         N/A       26%         3
 Vampiric Draining        Necr           5%         2d6       26%         3
 Summon Blazeheart Golem  Fire/Summ      33%        N/A       9%          4
 Brom's Barrelling Bould  Conj/Erth      27%        2d5       14%         4
 Dimensional Bullseye     Hex/Tloc       6%         N/A       43%         4
 Leda's Liquefaction      Alch/Erth      2%         N/A       65%         4
 Petrify                  Alch/Erth      5%         N/A       65%         4
 Metabolic Englaciation   Hex/Ice        2%         N/A       94%         5


Dungeon Overview and Level Annotations

Branches:
Dungeon (9/15)             Temple (1/1) D:4             Orc (0/2) D:9
   Lair: D:8-11

Altars:
Cheibriados
Dithmenos
Fedhas
Gozag
Hepliaklqana
Kikubaaqudgha
Makhleb
Nemelex Xobeh
Okawaru
Ru
Sif Muna
Trog
Uskayaw
Vehumet
Wu Jian
Xom
Yredelemnul
Zin
The Shining One

Shops:
D:7 ?!(*


Innate Abilities, Weirdness & Mutations

Your natural rate of healing is unusually fast.
You are robust. (+10% HP)
You occasionally shout uncontrollably at your foes.


Message History

The orc wizard shouts!
The orc shouts!
You hear a shout! x2
An orc comes into view. It is wielding a +0 trident.
An orc wizard comes into view. It is wielding a +0 dagger.
Unknown command.
The foxfire hits the orc.
The orc is heavily wounded.
The foxfire hits the orc.
The orc is almost dead.
An orc warrior comes into view.
It is wielding a +1 battleaxe of freezing.
An orc comes into view. It is wielding a +0 whip.
The orc wizard points at you and mumbles some strange words.
The puff of flame hits you!
Casting: Foxfire (safe; 1% risk of failure)
Confirm with . or Enter, or press ? or * to list all spells.
You conjure some foxfire!
A centaur comes into view.
The orc wizard gestures at you while chanting.
The magic dart hits you!
Your foxfire dissipates!
An orc priest comes into view.
It is wielding a +2 trident of protection.
The orc priest shouts!
The foxfire hits the orc.
You kill the orc!
Vehumet accepts your kill.
The centaur wields a +0 shortbow.
The centaur shoots an arrow.
The arrow hits you.
The orc wizard mumbles some strange words.
The orc wizard flickers and vanishes!
Deactivating autopickup; reactivate with Ctrl-A.
The centaur shoots an arrow.
The arrow closely misses you.
A magic dart appears from out of thin air!
The magic dart hits you!
The centaur shoots an arrow.
The arrow barely misses you.
The centaur shoots an arrow.
The arrow hits you!
The orc warrior hits you with a +1 battleaxe of freezing!
* * * LOW HITPOINT WARNING * * *
The orc warrior freezes you.
* * * LOW HITPOINT WARNING * * *
The orc hits you from afar with a +0 trident!
You die...

....#.....######..#
... #.....# #..#
.##+###.....# #..#
............# #..#
............# #..#
....c.......######..#
....................#
......o.............#
......o@............#
......{......########
......oo.....#
......o......#
....o.#####..# ......
#..# ...... #..#
...... ..#


You could see an orc warrior, a centaur, an orc priest, an orc wizard and 3
orcs.

Vanquished Creatures
  Maggie (D:7)
  A wyvern (D:7)
  Eustachio (D:5)
  A steam dragon (D:9)
  A water moccasin (D:7)
  2 black bears
  3 sky beasts
  An orc warrior (D:6)
  An ogre (D:5)
  A centaur (D:7)
  A kobold brigand (D:7)
  2 bullfrogs
  2 scorpions
  6 killer bees (D:7)
  2 howler monkeys
  A bombardier beetle (D:6)
  7 hounds
  2 jellies
  3 orc priests
  3 iguanas
  2 orc wizards
  11 adders
  3 gnolls
  A ribbon worm (D:5)
  24 orcs
  5 ball pythons
  7 bats
  13 endoplasms
  7 giant cockroaches
  9 goblins
  11 hobgoblins
  5 jackals
  5 quokkas
  4 frilled lizards
  11 kobolds
  7 rats
167 creatures vanquished.

Vanquished Creatures (collateral kills)
  A gnoll bouda (D:5)
  2 gnolls (D:5)
3 creatures vanquished.

Vanquished Creatures (others)
  348 foxfires
348 creatures vanquished.

Grand Total: 518 creatures vanquished

Notes
Turn   | Place    | Note
-------+----------+-------------------------------------------
     0 | D:1      | hawla the Deep Elf Fire Elementalist began the quest for
                  | the Orb.
     0 | D:1      | Reached XP level 1. HP: 10/10 MP: 6/6
    85 | D:1      | Reached XP level 2. HP: 13/15 MP: 0/8
    88 | D:1      | Learned a level 2 spell: Scorch
   123 | D:1      | Reached skill level 4 in Fire Magic
   550 | D:1      | Reached XP level 3. HP: 19/19 MP: 2/9
  1085 | D:1      | Found a faded altar of an unknown god.
  1280 | D:2      | Reached skill level 5 in Fire Magic
  1912 | D:2      | Reached XP level 4. HP: 24/24 MP: 5/10
  2495 | D:3      | Gained mutation: Your natural rate of healing is unusually
                  | fast. [potion of mutation]
  2495 | D:3      | Gained mutation: You occasionally shout uncontrollably at
                  | your foes. [potion of mutation]
  2495 | D:3      | Gained mutation: You are robust. (+10% HP) [potion of
                  | mutation]
  2503 | D:3      | Reached skill level 6 in Fire Magic
  2776 | D:3      | Reached XP level 5. HP: 30/30 MP: 1/11
  3021 | D:3      | Found an ornate altar of the Wu Jian Council.
  3154 | D:3      | Found a shimmering blue altar of Sif Muna.
  3425 | D:4      | Found a blossoming altar of Fedhas.
  3467 | D:4      | Found an iron altar of Okawaru.
  3475 | D:4      | Found a shimmering altar of Xom.
  3479 | D:4      | Found a shadowy altar of Dithmenos.
  3646 | D:4      | Reached skill level 7 in Fire Magic
  3848 | D:4      | Reached XP level 6. HP: 35/35 MP: 8/12
  4067 | D:4      | Found a staircase to the Ecumenical Temple.
  4093 | Temple   | Entered the Ecumenical Temple
  4121 | Temple   | Became a worshipper of Vehumet
  4446 | D:4      | Found a bloodstained altar of Trog.
  4499 | D:5      | Entered Level 5 of the Dungeon
  4511 | D:5      | Learned a level 4 spell: Flame Wave
  4672 | D:5      | Reached skill level 8 in Fire Magic
  4992 | D:5      | Reached XP level 7. HP: 36/39 MP: 6/13
  5059 | D:5      | Noticed Eustachio
  5065 | D:5      | Killed Eustachio
  5071 | D:5      | Learned a level 4 spell: Iskenderun's Mystic Blast
  5188 | D:5      | Reached skill level 1 in Translocations
  5724 | D:6      | Identified a scroll of acquirement
  5724 | D:6      | Acquired a +4 demon whip of draining
  5838 | D:6      | Found an ancient bone altar of Kikubaaqudgha.
  5979 | D:6      | Reached skill level 5 in Conjurations
  5979 | D:6      | Reached XP level 8. HP: 24/45 MP: 0/14
  6171 | D:6      | Reached * piety under Vehumet
  6171 | D:6      | Offered knowledge of Sandblast by Vehumet.
  6250 | D:6      | Identified the +7 falchion of Jiliypu {spect, *Noise Dex+5}
  6260 | D:6      | Reached skill level 1 in Maces & Flails
  6587 | D:7      | Found Uka Ruy's General Store.
  6591 | D:7      | Bought a potion of curing for 42 gold pieces
  6591 | D:7      | Bought a potion of curing for 42 gold pieces
  6591 | D:7      | Bought a potion of curing for 42 gold pieces
  6628 | D:7      | Noticed Maggie
  6780 | D:7      | Killed Maggie
  6848 | D:7      | Found Aguf's Distillery.
  6849 | D:7      | Found a sparkling altar of Nemelex Xobeh.
  6853 | D:7      | Bought a potion of berserk rage for 80 gold pieces
  6853 | D:7      | Bought a potion of curing for 48 gold pieces
  6853 | D:7      | Bought a potion of brilliance for 64 gold pieces
  6876 | D:7      | Reached skill level 9 in Fire Magic
  6915 | D:7      | Found Nyl Bigg's Magic Scroll Emporium.
  6918 | D:7      | Bought a scroll of identify for 22 gold pieces
  6918 | D:7      | Bought a scroll of identify for 22 gold pieces
  6946 | D:7      | Reached XP level 9. HP: 43/49 MP: 5/15
  7061 | D:7      | Learned a level 2 spell: Blink
  7306 | D:7      | Found Jaugaawi's Antique Weapon Shoppe.
  7478 | D:7      | Reached skill level 10 in Fire Magic
  7947 | D:8      | Found an opulent altar of Gozag.
  8659 | D:9      | Reached skill level 11 in Fire Magic
  8781 | D:9      | Found a staircase to the Orcish Mines.
  8851 | D:9      | HP: 2/49 [orc warrior/+1 battleaxe of freezing (5)]
  8851 | D:9      | Slain by an orc

Illustrated notes

Levels and vault maps discovered:
D:1:      amcnicky_arrival_wind_blow, layout_basic,
          shapermc_ecumenical_altar_ellora, minmay_tripent
D:2:      layout_basic
D:3:      minmay_wonky_spiral, layout_rooms, mainiacjoe_overflow_chevrons,
          nicolae_wu_jian_wuxing_cycle
D:4:      layout_basic, lightli_temple_of_fire,
          nicolae_overflow_macrodata_refinement, minmay_temple_entry_slanted,
          minmay_goblin_outpost
D:5:      layout_loops_corners, nrook_loot_triangle, uniq_eustachio
D:6:      layout_basic, kiku_gazebo_pond_becter
D:7:      layout_basic, nemelex_xobeh_ov_fountains_minmay, serial_shops,
          nicolae_shop_tiny_real_fake_doors, shop, shop, shop, uniq_maggie
D:8:      layout_loops_ring, nicolae_gozag_cash_rules_everything_around_me,
          chequers_serial_rivers_small_a, chequers_hall_statues_corner_a,
          nicolae_hexahallways
D:9:      layout_irregular_city, orc_0_dummy
Temple:   kb_temple_of_zot

Skill      XL: |  1  2  3  4  5  6  7  8  9 |
---------------+----------------------------+-----
Fire Magic     | 4 5 6 7 8 9 11 | 11.1
Conjurations   | 2 5 8 |  8.9
Translocations | 2 |  2.9
Maces & Flails | 1 |  1.0
Spellcasting   | 4 |  4.2
Dodging        | |  2.4
Stealth        | |  2.4

Action                     |  1- 3 |  4- 6 |  7- 9 || total
---------------------------+-------+-------+-------++-------
  Melee: Unarmed           |     4 |    19 |       ||    23
         Demon whip        |       |       |    67 ||    67
         Punch             |       |       |     1 ||     1
   Cast: Foxfire           |    50 |   111 |    43 ||   204
         Scorch            |    17 |    25 |    38 ||    80
         Flame Wave        |       |     2 |     7 ||     9
         Iskenderun's Myst |       |       |     2 ||     2
         Blink             |       |       |     1 ||     1
    Use: Scroll            |     3 |     2 |    12 ||    17
         Potion            |       |     5 |     6 ||    11
 Armour: Robe              |    10 |    41 |   109 ||   160
  Dodge: Dodged            |    13 |    51 |    85 ||   149
